 Dungeon Crawl Stone Soup version 0.25-a0-341-g6f074c887a (webtiles) character file.

Game seed: 8233473935935150275, levelgen mode: deterministic

69 Aggronaut the Sneak (level 4, -14/21 HPs)
             Began as a Vine Stalker Enchanter on Dec 30, 2019.
             Was an Initiate of Dithmenos.
             Demolished by a wyvern (16 damage)
             ... on level 3 of the Dungeon.
             The game lasted 00:05:59 (2715 turns).

Aggronaut the Sneak (Vine Stalker Enchanter)        Turns: 2715, Time: 00:06:01

Health: -14/21     AC:  2    Str: 10    XL:     4   Next: 20%
Magic:  0/8        EV: 12    Int: 15    God:    Dithmenos [......]
Gold:   111        SH:  0    Dex: 16    Spells: 1/7 levels left

rFire    . . .     SeeInvis .   a - +1 dagger
rCold    . . .     Gourm    .   (no shield)
rNeg     . . .     Faith    .   b - +0 robe
rPois    .         Spirit   +   (no helmet)
rElec    .         Reflect  .   (no cloak)
rCorr    .         Harm     .   (no gloves)
MR       .....                  (no boots)
Stlth    +++.......             (no amulet)
HPRegen  0.47/turn              (no ring)
MPRegen  0.11/turn              (no ring)

@: no status effects
A: fangs 2, regeneration 1, magic shield, antimagic bite, no potion heal 3, rot
immunity
a: Renounce Religion


You were on level 3 of the Dungeon.
You worshipped Dithmenos.
Dithmenos was noncommittal.
You were hungry.

You visited 1 branch of the dungeon, and saw 3 of its levels.

You collected 111 gold pieces.

Inventory:

Hand Weapons
 a - a +1 dagger (weapon)
Missiles
 j - 8 javelins (quivered)
Armour
 b - a +0 robe (worn)
Scrolls
 c - a scroll of remove curse {unknown}
 e - a scroll of fear {unknown}
 f - a scroll of teleportation {unknown}
 g - a scroll of magic mapping {unknown}
 i - 3 scrolls of identify {unknown}
 l - 2 scrolls of amnesia {unknown}
Comestibles
 d - 5 rations


   Skills:
 - Level 0.8 Short Blades
 - Level 1.5 Dodging
 + Level 4.6 Stealth
 - Level 2.1 Spellcasting
 * Level 4.4 Hexes


You had one spell level left.
You knew the following spells:

 Your Spells              Type           Power        Failure   Level  Hunger
a - Corona                Hex            ##.....      3%          1    #......
b - Ensorcelled Hibernat  Hex/Ice        #.....       13%         2    ###....
c - Confuse               Hex            ##......     11%         3    ###....

Your spell library contained the following spells:

 Spells                   Type           Power        Failure   Level  Hunger
 Tukima's Dance           Hex            ##......     11%         3    ###....
 Dazzling Flash           Conj/Hex       #.....       26%         3    ###....


Dungeon Overview and Level Annotations

Branches:
Dungeon (3/15)

Altars:
Dithmenos


Innate Abilities, Weirdness & Mutations

You have extremely sharp teeth.
Your natural rate of healing is unusually fast.
When hurt, damage is shared between your health and your magic reserves.
Your bite disrupts and absorbs the magic of your enemies.
Potions cannot restore your health.
You are immune to rotting.


Message History

Confirm with . or Enter, or press ? or * to list all spells.
Aiming: Ensorcelled Hibernation (safe; 13% risk of failure)
Press: ? - help, Shift-Dir - straight line, f/p - wyvern
Aim: a wyvern (severely wounded, chance to defeat MR: 39%)
The wyvern resists with some effort.
The wyvern closely misses you. The wyvern barely misses you.
Casting: Ensorcelled Hibernation (safe; 13% risk of failure)
Confirm with . or Enter, or press ? or * to list all spells.
You don't have enough magic to cast that spell.
Unknown command.
You barely miss the wyvern.
The wyvern is severely wounded.
The wyvern bites you.
You hit the wyvern but do no damage.
The wyvern is severely wounded.
The wyvern bites you!
* * * LOW HITPOINT WARNING * * *
The wyvern bites you!
Ouch! That really hurt!
You die...

#....#.#.#.#.# #........#
#.##+#...).#.# #........#
#......#...†.# #.#'#..###
###....###########.#.#..#
#................#.#..#
##'###############.#.##
#........ ..#.#.#
###############.#.#.#
$.......l@..#.#.#.#
###########.#'#'#+##
#........# #........#
#........# #........#
#........# #........#
#........#


You could see a wyvern.

Vanquished Creatures
  A killer bee zombie (D:3)
  An ooze (D:2)
  A worm (D:2)
  2 leopard geckos
  A ball python (D:1)
  8 bats
  A giant cockroach (D:2)
  4 hobgoblins
  2 jackals (D:2)
  4 kobolds
  A frilled lizard (D:3)
  7 goblins
  5 rats
38 creatures vanquished.

Notes
Turn   | Place    | Note
-------+----------+-------------------------------------------
     0 | D:1      | Aggronaut the Vine Stalker Enchanter began the quest for
                  | the Orb.
     0 | D:1      | Reached XP level 1. HP: 9/9 MP: 4/4
   184 | D:1      | Reached XP level 2. HP: 10/13 MP: 4/6
  1063 | D:2      | Found a shadowy altar of Dithmenos.
  1073 | D:2      | Became a worshipper of Dithmenos the Shadowed
  1211 | D:2      | Reached XP level 3. HP: 8/16 MP: 4/7
  2451 | D:2      | Learned a level 2 spell: Ensorcelled Hibernation
  2455 | D:2      | Learned a level 3 spell: Confuse
  2532 | D:3      | Gained mutation: Your natural rate of healing is unusually
                  | fast. [Vine Stalker growth]
  2532 | D:3      | Reached XP level 4. HP: 4/21 MP: 1/8
  2704 | D:3      | Noticed a wyvern
  2715 | D:3      | Demolished by a wyvern

Levels and vault maps discovered:
D:1:      dpeg_arrival_line_fractal, layout_loops_cross, grunt_decor_fettered
D:2:      layout_basic, grunt_dithmenos_smoke_and_mirrors
D:3:      layout_basic, lemuel_round_altar, lemuel_round_altar

Skill      XL: |  1  2  3 |
---------------+----------+-----
Stealth        | 4 |  4.6
Hexes          | 4 |  4.4
Short Blades   | |  0.8
Dodging        | |  1.5
Spellcasting   | |  2.1

Action                   |  1- 3 |  4- 6 || total
-------------------------+-------+-------++-------
Melee: Dagger            |   122 |     8 ||   130
       Bite              |    24 |     1 ||    25
Throw: Javelin           |     3 |       ||     3
 Cast: Corona            |     5 |       ||     5
       Ensorcelled Hiber |     1 |     2 ||     3
  Use: Potion            |     3 |       ||     3
 Stab: Sleeping          |     9 |     1 ||    10
  Eat: Chunk             |     5 |       ||     5
Armor: Robe              |    27 |     1 ||    28
       Skin              |    17 |       ||    17
Dodge: Dodged            |    92 |     6 ||    98

Table legend:
 A = Non-vault XP
 B = Vault XP
 C = Vault XP percentage of total XP
 D = Non-vault monster count
 E = Vault monster count
 F = Vault count percentage of total count
                 A         B        C        D         E       F
            +---------+---------+-------+---------+---------+-------
      Total |      99 |       0 |   0.0 |      38 |       0 |   0.0
            +---------+---------+-------+---------+---------+-------
        D:1 |      30 |       0 |   0.0 |      17 |       0 |   0.0
        D:2 |      36 |       0 |   0.0 |      17 |       0 |   0.0
        D:3 |      33 |       0 |   0.0 |       4 |       0 |   0.0
            +---------+---------+-------+---------+---------+-------
